 Dungeon Crawl Stone Soup version 0.29.0-4-gdea44cf6ec (webtiles) character file.

Game seed: 3808305274666114405

3581 qw the Cleaver (level 9, -5/72 HPs)
             Began as a Demonspawn Cinder Acolyte on Sept 8, 2022.
             Was a Believer of Ignis.
             Slain by a sun demon (15 damage)
             ... summoned by a kobold demonologist
             ... on level 8 of the Dungeon.
             The game lasted 00:02:54 (8343 turns).

qw the Cleaver (Demonspawn Cinder Acolyte)          Turns: 8343, Time: 00:02:55

Health: -5/72      AC: 26    Str: 20      XL:     9   Next: 84%
Magic:  10/10      EV:  6    Int: 15      God:    Ignis [**....]
Gold:   149        SH:  0    Dex:  7 (8)  Spells: 10/10 levels left

rFire   + . .      SeeInvis .   b - +2 war axe
rCold   . . .      Faith    .   (no shield)
rNeg    . . .      Spirit   .   o - +0 plate armour
rPois   +          Reflect  .   f - +0 helmet
rElec   .          Harm     .   (no cloak)
rCorr   .          Rampage  .   (no gloves)
Will    .....                   (no boots)
Stlth   ..........              (no amulet)
HPRegen 0.22/turn               l - +4 ring of protection
MPRegen 0.12/turn               g - ring of poison resistance

@: about to teleport, fiery-armoured
A: molten scales 1, demonic touch 2
a: Renounce Religion, Fiery Armour, Foxfire Swarm, Rising Flame


You were on level 8 of the Dungeon.
You worshipped Ignis.
Ignis was pleased with you.
You visited 1 branch of the dungeon, and saw 8 of its levels.

You collected 288 gold pieces.
You spent 139 gold pieces at shops.


Innate Abilities, Weirdness & Mutations

You are partially covered in molten scales. (AC +2)
Your touch may inflict irresistible damage on your foes.


   Skills:
 - Level 7.4 Fighting
 + Level 10.0 Axes
 - Level 1.0 Throwing
 - Level 5.4 Armour
 - Level 1.8 Dodging
 - Level 1.0 Spellcasting
 - Level 2.6 Fire Magic


You had 10 spell levels left.
You didn't know any spells.
Your spell library contained the following spells:

 Spells                   Type           Power      Damage    Failure   Level
 Scorch                   Fire           16%        2d6       97%         2

Inventory:

Hand Weapons
 b - a +2 war axe (weapon)
 i - a +2 hand axe of flaming
Missiles
 e - 2 boomerangs (quivered)
Armour
 f - a +0 helmet (worn)
 j - the +0 ring mail of Dyspraxia {Contam rF+ rC+ Slay+2}
   (You found it on level 7 of the Dungeon)

   Slay:      It affects your accuracy & damage with ranged weapons and melee
   (+2).
   rF:        It protects you from fire.
   rC:        It protects you from cold.
   Contam:    It causes magical contamination when unequipped.
 o - a +0 plate armour (worn)
Jewellery
 g - a ring of poison resistance (right hand)
 l - a +4 ring of protection (left hand)
 m - a ring of willpower
 Y - a ring of protection from cold
Scrolls
 c - 4 scrolls of identify
Potions
 d - a potion of cancellation
 h - 2 potions of might

Dungeon Overview and Level Annotations

Branches:
Dungeon (8/15)             Temple (0/1) D:6
   Lair: D:8-11

Altars:
Cheibriados
Kikubaaqudgha
Qazlal
Ru
Vehumet

Shops:
D:6 [

Portals:
Bailey: D:8

Annotations:
D:4 1 runed translucent door, qw's ghost, amateur MiFi


Message History

The kobold demonologist gestures wildly while chanting.
The hellwing hits you.
The hellwing is burned by your cloak of flames.
The hellwing is lightly wounded.
The hellwing closely misses you. The rust devil barely misses you.
You hit the kobold demonologist.
You kill the kobold demonologist!
The rust devil disappears in a puff of smoke!
The quasit disappears in a puff of smoke!
The iron imp disappears in a puff of smoke!
The shadow imp disappears in a puff of smoke!
The hellwing disappears in a puff of smoke!
The sun demon hits you but does no damage.
You feel your dexterity returning.
Your Armour skill increases to level 5!
You hit the sun demon.
The sun demon is lightly wounded.
The sun demon barely misses you.
You slash the sun demon!
The sun demon is lightly wounded.
The sun demon hits you!
You are engulfed in flames.
You resist.
You hit the sun demon.
The sun demon is moderately wounded.
The sun demon closely misses you.
The kobold demonologist casts a spell.
You slash the sun demon!
You touch the sun demon!
The sun demon is severely wounded.
The sun demon hits you.
You are engulfed in flames.
You resist.
You hit the sun demon. Your touch misses the sun demon.
The sun demon is severely wounded.
The sun demon barely misses you. The sun demon hits you!
You are engulfed in flames.
You resist.
The sun demon completely resists.
8342 ||| READING scroll of teleportation.
As you read the scroll of teleportation, it crumbles to dust.
You feel strangely unstable.
The sun demon hits you but does no damage.
You closely miss the sun demon.
The sun demon is severely wounded.
The sun demon hits you!
You die...

### # #.. .# #.# .# #.#
.## ### #######.##4..#
).# .......)3KK# #.# #@#
#.# #.# #.# ### #.#
#.##########[###.#
#................#####
..########..............
### ##...########..
##.## ###


You could see a sun demon (summoned), an ice devil (summoned), a kobold
demonologist and a kobold.

Vanquished Creatures
  Maggie (D:8)
  2 kobold demonologists (D:8)
  A hornet (D:7)
  2 water moccasins (D:7)
  3 orc warriors
  A black bear (D:7)
  An ogre (D:6)
  2 kobold brigands
  A necrophage (D:7)
  A gnoll sergeant (D:6)
  A bullfrog (D:7)
  4 scorpions (D:5)
  4 wights (D:7)
  A howler monkey (D:4)
  4 hounds
  8 orc priests
  2 iguanas
  16 orc wizards
  10 adders
  5 gnolls (D:6)
  A shadow imp (D:6)
  3 white imps
  3 ufetubi
  2 worms
  4 dart slugs
  23 orcs
  7 endoplasms
  2 giant cockroaches
  9 goblins
  9 hobgoblins
  3 jackals (D:4)
  14 kobolds
  3 quokkas
  5 ball pythons
  5 bats
  3 frilled lizards
  9 rats
175 creatures vanquished.

Vanquished Creatures (others)
  A human (D:5)
  8 plants
9 creatures vanquished.

Grand Total: 184 creatures vanquished

Notes
Turn   | Place    | Note
-------+----------+-------------------------------------------
     0 | D:1      | qw the Demonspawn Cinder Acolyte began the quest for the
                  | Orb.
     0 | D:1      | Reached XP level 1. HP: 18/18 MP: 2/2
     0 | D:1      | 0 ||| qw: Version: 0.1-a-112-g44dc6cd
     0 | D:1      | 0 ||| qw: Game counter: 6716
     0 | D:1      | 0 ||| qw: Always use a shield: true
     0 | D:1      | 0 ||| qw: God list: Okawaru
     0 | D:1      | 0 ||| qw: Allow faded altars: false
     0 | D:1      | 0 ||| qw: Do Orc after D:15 true
     0 | D:1      | 0 ||| qw: Do second Lair branch before Depths: true
     0 | D:1      | 0 ||| qw: Lair rune preference: random
     0 | D:1      | 0 ||| qw: Plans: Normal
     0 | D:1      | 0 ||| PLANNING D:1-11
    17 | D:1      | 17 ||| Stepping ~*~*~tactically~*~*~ (stealth).
    18 | D:1      | 18 ||| Stepping ~*~*~tactically~*~*~ (stealth).
    26 | D:1      | 26 ||| INVOKING Fiery Armour.
    28 | D:1      | HP: 4/18 [poisoned by a goblin]
   338 | D:1      | Reached skill level 3 in Axes
   515 | D:1      | Found a faded altar of an unknown god.
   539 | D:1      | Gained mutation: You are partially covered in molten
                  | scales. (AC +2) [demonic ancestry]
   539 | D:1      | Reached XP level 2. HP: 18/24 MP: 3/3
   767 | D:1      | 767 ||| Stepping ~*~*~tactically~*~*~ (stealth).
   769 | D:1      | 769 ||| Stepping ~*~*~tactically~*~*~ (stealth).
  1100 | D:1      | 1100 ||| DROPPING orb of guile.
  1101 | D:1      | 1101 ||| UPGRADING to +0 ring mail.
  1111 | D:1      | 1111 ||| DROPPING +0 robe.
  1112 | D:1      | 1112 ||| DROPPING orb of guile.
  1113 | D:1      | 1113 ||| UPGRADING to ring of protection from cold.
  1114 | D:1      | 1114 ||| READING scroll labelled ONIHYM GUUGH.
  1115 | D:1      | 1115 ||| READING scroll labelled ZUVEZOH ZIPS.
  1116 | D:1      | 1116 ||| READING scroll labelled NUOCOA EQAAVUD.
  1117 | D:1      | 1117 ||| READING 3 scrolls labelled HASMEBR WAHO.
  1118 | D:1      | 1118 ||| READING 2 scrolls of enchant weapon.
  1118 | D:1      | 1118 ||| ENCHANTING +0 hand axe of flaming.
  1119 | D:1      | 1119 ||| READING scroll of enchant weapon.
  1119 | D:1      | 1119 ||| ENCHANTING +1 hand axe of flaming.
  1120 | D:1      | 1120 ||| READING scroll labelled JOTYPL LOOCI.
  1124 | D:1      | 1124 ||| READING scroll labelled TIFEIT ISSONGO.
  1283 | D:2      | Gained mutation: Your touch may inflict minor irresistible
                  | damage on your foes. [demonic ancestry]
  1283 | D:2      | Reached XP level 3. HP: 29/29 MP: 4/4
  1329 | D:2      | 1329 ||| Stepping ~*~*~tactically~*~*~ (hiding).
  1334 | D:2      | Reached skill level 4 in Axes
  1485 | D:2      | 1485 ||| Stepping ~*~*~tactically~*~*~ (stealth).
  1487 | D:2      | 1487 ||| Stepping ~*~*~tactically~*~*~ (stealth).
  1919 | D:2      | Reached XP level 4. HP: 33/35 MP: 5/5
  2042 | D:2      | 2042 ||| UPGRADING to ring of protection from cold.
  2043 | D:2      | 2043 ||| READING 5 scrolls labelled NUBREJ VIPIAS.
  2044 | D:2      | 2044 ||| READING scroll labelled REOHYU JAGUGG.
  2045 | D:2      | 2045 ||| DRINKING 3 lumpy purple potions.
  2146 | D:2      | 2146 ||| READING 4 scrolls of identify.
  2146 | D:2      | 2146 ||| IDENTIFYING viscous coppery potion
  2147 | D:2      | 2147 ||| READING 3 scrolls of identify.
  2147 | D:2      | 2147 ||| IDENTIFYING fizzy red potion
  2148 | D:2      | 2148 ||| READING 2 scrolls of identify.
  2148 | D:2      | 2148 ||| IDENTIFYING metallic emerald potion
  2149 | D:2      | 2149 ||| DROPPING 2 potions of ambrosia.
  2150 | D:2      | 2150 ||| DROPPING potion of magic.
  2201 | D:3      | 2201 ||| Stepping ~*~*~tactically~*~*~ (stealth).
  2398 | D:3      | Reached skill level 5 in Axes
  2659 | D:3      | 2659 ||| UPGRADING to ring of poison resistance.
  2661 | D:3      | 2661 ||| READING scroll labelled YNUBADD XOHA.
  2755 | D:4      | Reached XP level 5. HP: 41/41 MP: 6/6
  2781 | D:4      | 2781 ||| Stepping ~*~*~tactically~*~*~ (hiding).
  2912 | D:4      | Reached skill level 1 in Dodging
  2993 | D:4      | Found a sacrificial altar of Ru.
  3096 | D:4      | 3096 ||| Stepping ~*~*~tactically~*~*~ (hiding).
  3099 | D:4      | 3099 ||| Stepping ~*~*~tactically~*~*~ (hiding).
  3136 | D:4      | Reached XP level 6. HP: 47/47 MP: 7/7
  3152 | D:4      | Noticed qw's ghost (amateur MiFi)
  3153 | D:4      | Found a runed translucent door.
  3265 | D:4      | 3265 ||| Stepping ~*~*~tactically~*~*~ (stealth).
  3273 | D:4      | 3273 ||| Stepping ~*~*~tactically~*~*~ (stealth).
  3440 | D:4      | 3440 ||| UPGRADING to +0 chain mail.
  3450 | D:4      | 3450 ||| DROPPING +0 ring mail.
  3451 | D:4      | 3451 ||| READING scroll labelled FAFAREDDIR.
  3452 | D:4      | 3452 ||| DRINKING 3 bubbling sapphire potions.
  3453 | D:4      | 3453 ||| DRINKING 2 ruby potions.
  3461 | D:4      | 3461 ||| READING 4 scrolls of identify.
  3461 | D:4      | 3461 ||| IDENTIFYING brown potion
  3462 | D:4      | 3462 ||| READING 3 scrolls of identify.
  3462 | D:4      | 3462 ||| IDENTIFYING black potion
  3463 | D:4      | 3463 ||| DROPPING potion of attraction.
  3464 | D:4      | 3464 ||| DROPPING 2 potions of invisibility.
  3465 | D:4      | 3465 ||| DROPPING potion of brilliance.
  3474 | D:5      | Entered Level 5 of the Dungeon
  3481 | D:5      | 3481 ||| INVOKING Fiery Armour.
  3492 | D:5      | Reached skill level 1 in Armour
  3493 | D:5      | Reached skill level 6 in Axes
  3746 | D:5      | Gained mutation: Your touch may inflict irresistible damage
                  | on your foes. [demonic ancestry]
  3746 | D:5      | Reached XP level 7. HP: 54/54 MP: 8/8
  3805 | D:5      | 3805 ||| Stepping ~*~*~tactically~*~*~ (stealth).
  3915 | D:5      | 3915 ||| INVOKING Fiery Armour.
  4135 | D:5      | Found an ancient bone altar of Kikubaaqudgha.
  4155 | D:5      | Reached skill level 7 in Axes
  4257 | D:5      | 4257 ||| Stepping ~*~*~tactically~*~*~ (stealth).
  4263 | D:5      | 4263 ||| Stepping ~*~*~tactically~*~*~ (stealth).
  4265 | D:5      | 4265 ||| Stepping ~*~*~tactically~*~*~ (stealth).
  4269 | D:5      | 4269 ||| Stepping ~*~*~tactically~*~*~ (stealth).
  4272 | D:5      | Reached skill level 1 in Throwing
  4481 | D:5      | 4481 ||| Stepping ~*~*~tactically~*~*~ (stealth).
  4483 | D:5      | 4483 ||| Stepping ~*~*~tactically~*~*~ (hiding).
  4573 | D:5      | 4573 ||| SWAPPING to +0 war axe.
  4600 | D:5      | Noticed a human
  4602 | D:5      | 4602 ||| READING scroll labelled TOAKKU RAAPIOGG.
  4603 | D:5      | 4603 ||| READING scroll labelled JISEADYXUA.
  4603 | D:5      | Killed a human
  4604 | D:5      | 4604 ||| READING 5 scrolls of identify.
  4604 | D:5      | 4604 ||| IDENTIFYING dark potion
  4605 | D:5      | 4605 ||| DROPPING potion of flight.
  4613 | D:6      | Found a staircase to the Ecumenical Temple.
  4619 | D:6      | 4619 ||| INVOKING Fiery Armour.
  4624 | D:6      | HP: 13/54 [white imp/puff of frost (3)]
  4625 | D:6      | 4625 ||| READING scroll of teleportation.
  4626 | D:6      | 4626 ||| DRINKING 2 potions of heal wounds.
  4634 | D:6      | Reached XP level 8. HP: 35/60 MP: 9/9
  4790 | D:6      | Reached skill level 8 in Axes
  4863 | D:6      | 4863 ||| Stepping ~*~*~tactically~*~*~ (hiding).
  4874 | D:6      | 4874 ||| Stepping ~*~*~tactically~*~*~ (hiding).
  4880 | D:6      | 4880 ||| INVOKING Fiery Armour.
  4887 | D:6      | 4887 ||| DRINKING potion of curing.
  4887 | D:6      | 4887 ||| (to cure confusion)
  4894 | D:6      | HP: 7/62 [gnoll sergeant/+0 trident (10)]
  4895 | D:6      | 4895 ||| DRINKING potion of heal wounds.
  5175 | D:6      | 5175 ||| Stepping ~*~*~tactically~*~*~ (hiding).
  5299 | D:6      | Found Velleizu's Antique Armour Shoppe.
  5304 | D:6      | 5304 ||| BUYING helmet (139 gold).
  5304 | D:6      | Bought a helmet for 139 gold pieces
  5304 | D:6      | 5304 ||| SHOPLISTING kite shield (139 gold, have 49).
  5304 | D:6      | 5304 ||| SHOPLISTING plate armour (713 gold, have 49).
  5395 | D:6      | 5395 ||| INVOKING Fiery Armour.
  5422 | D:6      | 5422 ||| Stepping ~*~*~tactically~*~*~ (stealth).
  5719 | D:6      | 5719 ||| DRINKING 2 potions of curing.
  5719 | D:6      | 5719 ||| (to cure confusion)
  5876 | D:6      | 5876 ||| READING scroll of enchant weapon.
  5876 | D:6      | 5876 ||| ENCHANTING +0 war axe.
  5894 | D:6      | 5894 ||| Stepping ~*~*~tactically~*~*~ (hiding).
  5896 | D:6      | 5896 ||| DRINKING potion of curing.
  5896 | D:6      | 5896 ||| (to cure confusion)
  5901 | D:6      | Reached skill level 9 in Axes
  6284 | D:6      | 6284 ||| UPGRADING to +0 helmet.
  6289 | D:6      | 6289 ||| READING scroll labelled FIUSIPR ALEIJA.
  6435 | D:6      | 6435 ||| READING 6 scrolls of identify.
  6435 | D:6      | 6435 ||| IDENTIFYING clear potion
  6484 | D:7      | Reached skill level 3 in Armour
  6569 | D:7      | 6569 ||| Stepping ~*~*~tactically~*~*~ (hiding).
  6587 | D:7      | Found a snail-covered altar of Cheibriados.
  6827 | D:7      | Reached skill level 6 in Fighting
  6929 | D:7      | Noticed a hornet
  6938 | D:7      | 6938 ||| INVOKING Fiery Armour.
  6939 | D:7      | Killed a hornet
  6940 | D:7      | Reached XP level 9. HP: 28/69 MP: 10/10
  7149 | D:7      | 7149 ||| Stepping ~*~*~tactically~*~*~ (hiding).
  7150 | D:7      | 7150 ||| Stepping ~*~*~tactically~*~*~ (hiding).
  7163 | D:7      | 7163 ||| INVOKING Fiery Armour.
  7347 | D:7      | Reached skill level 10 in Axes
  7376 | D:7      | Found a stormy altar of Qazlal.
  7384 | D:7      | Identified the +0 ring mail of Dyspraxia {Contam rF+ rC+
                  | Slay+2}
  7648 | D:7      | 7648 ||| READING scroll of enchant weapon.
  7648 | D:7      | 7648 ||| ENCHANTING +1 war axe.
  7659 | D:7      | Found a radiant altar of Vehumet.
  7663 | D:7      | 7663 ||| Stepping ~*~*~tactically~*~*~ (stealth).
  7664 | D:7      | 7664 ||| Stepping ~*~*~tactically~*~*~ (stealth).
  7668 | D:7      | 7668 ||| Stepping ~*~*~tactically~*~*~ (stealth).
  7670 | D:7      | 7670 ||| Stepping ~*~*~tactically~*~*~ (stealth).
  7672 | D:7      | 7672 ||| Stepping ~*~*~tactically~*~*~ (stealth).
  7673 | D:7      | 7673 ||| Stepping ~*~*~tactically~*~*~ (stealth).
  7674 | D:7      | 7674 ||| Stepping ~*~*~tactically~*~*~ (stealth).
  7680 | D:7      | 7680 ||| FLEEEEING.
  7681 | D:7      | 7681 ||| FLEEEEING.
  7682 | D:7      | 7682 ||| FLEEEEING.
  7683 | D:7      | 7683 ||| FLEEEEING.
  7684 | D:7      | 7684 ||| FLEEEEING.
  7685 | D:7      | 7685 ||| FLEEEEING.
  7686 | D:7      | 7686 ||| FLEEEEING.
  7687 | D:7      | 7687 ||| FLEEEEING.
  7688 | D:7      | 7688 ||| FLEEEEING.
  7699 | D:7      | 7699 ||| INVOKING Fiery Armour.
  8094 | D:7      | 8094 ||| UPGRADING to +0 plate armour.
  8104 | D:7      | 8104 ||| DROPPING +0 chain mail.
  8105 | D:7      | 8105 ||| DROPPING ring of protection from cold.
  8106 | D:7      | 8106 ||| UPGRADING to +4 ring of protection.
  8108 | D:7      | 8108 ||| READING 5 scrolls of identify.
  8108 | D:7      | 8108 ||| IDENTIFYING bubbling puce potion
  8109 | D:7      | 8109 ||| DROPPING potion of degeneration.
  8171 | D:8      | Found a flagged portal.
  8206 | D:8      | Noticed Maggie
  8217 | D:8      | Killed Maggie
  8310 | D:8      | Noticed a kobold demonologist
  8311 | D:8      | Noticed a kobold demonologist
  8311 | D:8      | Noticed a kobold demonologist
  8312 | D:8      | 8312 ||| Stepping ~*~*~tactically~*~*~ (stealth).
  8324 | D:8      | Noticed a red devil
  8324 | D:8      | 8324 ||| INVOKING Fiery Armour.
  8327 | D:8      | Noticed a sun demon
  8334 | D:8      | Noticed a hellwing
  8334 | D:8      | Killed a kobold demonologist
  8335 | D:8      | Noticed a rust devil
  8336 | D:8      | Killed a kobold demonologist
  8340 | D:8      | Noticed an ice devil
  8341 | D:8      | HP: 16/72 [sun demon[a kobold demonologist] (10)]
  8342 | D:8      | 8342 ||| READING scroll of teleportation.
  8343 | D:8      | Slain by a sun demon

Levels and vault maps discovered:
D:1:      eino_arrival_tree_alley, layout_loops_cross,
          nicolae_ecumenical_lake_church, st_stairs_7, glass_columns_a
D:2:      layout_basic
D:3:      layout_basic, amcnicky_mini_corridor_feature, chequers_garden
D:4:      layout_gridville, mainiacjoe_overflow_chevrons,
          hellmonk_ghost_happy_afterlife
D:5:      layout_rooms, tgw_kikubaaqudgha
D:6:      minmay_flawed_box, layout_basic, minmay_temple_entry_overgrown,
          serial_curves, eino_curves_03, eino_curves_04, serial_shops, shop
D:7:      layout_loops_ring, lemuel_coloured_pillars_altar,
          nicolae_vehumet_radiance, mainiacjoe_overflow_tiny_flanked
D:8:      layout_loops_ring, enter_bailey_2, wad_rectangle_vault, uniq_joseph,
          uniq_psyche, uniq_maggie

Skill      XL: |  1  2  3  4  5  6  7  8  9 |
---------------+----------------------------+-----
Axes           | 3 4 5 6 7 9 10 | 10.0
Dodging        | 1 |  1.8
Armour         | 2 3 5 |  5.4
Fighting       | 4 6 7 |  7.4
Throwing       | 1 |  1.0
Spellcasting   | |  1.0
Fire Magic     | |  2.6

Action                   |  1- 3 |  4- 6 |  7- 9 || total
-------------------------+-------+-------+-------++-------
Melee: Hand axe          |    89 |   116 |    76 ||   281
       Touch             |     3 |    14 |    35 ||    52
       Punch             |       |     1 |       ||     1
       War axe           |       |       |   226 ||   226
Throw: Boomerang         |       |       |    49 ||    49
Invok: Fiery Armour      |     1 |     1 |     8 ||    10
  Use: Scroll            |     8 |     9 |    10 ||    27
       Potion            |       |     3 |     5 ||     8
 Stab: Invisible         |       |     4 |       ||     4
Armor: Robe              |    10 |       |       ||    10
       Ring mail         |    12 |    23 |       ||    35
       Chain mail        |       |     5 |   159 ||   164
       Plate armour      |       |       |    43 ||    43
Dodge: Dodged            |    46 |    43 |   114 ||   203

Table legend:
 A = Non-vault XP
 B = Vault XP
 C = Vault XP percentage of total XP
 D = Non-vault monster count
 E = Vault monster count
 F = Vault count percentage of total count
                 A         B        C        D         E       F
            +---------+---------+-------+---------+---------+-------
      Total |    4305 |     812 |  15.9 |     162 |      13 |   7.4
            +---------+---------+-------+---------+---------+-------
        D:1 |      24 |       1 |   4.0 |      15 |       1 |   6.2
        D:2 |      82 |       0 |   0.0 |      26 |       0 |   0.0
        D:3 |      84 |       0 |   0.0 |      15 |       0 |   0.0
        D:4 |     237 |       0 |   0.0 |      24 |       0 |   0.0
        D:5 |     807 |       0 |   0.0 |      32 |       0 |   0.0
        D:6 |     747 |     393 |  34.5 |      23 |      11 |  32.4
        D:7 |    1478 |       0 |   0.0 |      21 |       0 |   0.0
        D:8 |     846 |     418 |  33.1 |       6 |       1 |  14.3
            +---------+---------+-------+---------+---------+-------
